cohdb
Replays
Latest Replays
All Replays
Popular Replays
Top Player Replays
Match Explorer
How It Works
Community
CoH3 Stats
Reddit
Sign in to upload your games and track your stats! →
Sign in with Steam
Match 45610626
Unlisted
Match 45610626
Overview
Messages
Build Orders
End
Pioneer Squad
Selects Breakthrough Battlegroup
Selects Assault Grenadiers
Construct Infanterie Kompanie
Grenadier Squad
Grenadier Squad
Grenadier Squad
Infanterie Officer Quarters
Medical Station
Construct Panzergrenadier Kompanie
Panzergrenadier Squad
Pak 40 Anti-tank Gun Team
Panzergrenadier Squad
Selects Rapid Production
Selects Blitzkrieg
Panzergrenadier Squad
Pak 40 Anti-tank Gun Team
Construct Panzer Kompanie
MG 42 Bunker
Sturmpanzer IV Brummbär
Panzer IV Medium Tank
Blitzkrieg
Stoßtruppen Squad
Panzer IV Medium Tank
Selects Tiger Heavy Tank
Side Skirts
Blitzkrieg
Pak 40 Anti-tank Gun Team
Panzer IV Medium Tank
Pak 40 Anti-tank Gun Team
Blitzkrieg
Selects Smoke Bombing Run
Selects Incendiary Bombing Run
Blitzkrieg
Panzer IV Medium Tank
Panzer Officer Quarters
Cezar [IMPERIALIS_GAMING]
Artur
mitchellvarian12
Liberator4515
0
0
Comments
sign in to comment!
No comments posted yet!